 Dungeon Crawl Stone Soup version 0.28-a0-819-g6ef7baa362 (webtiles) character file.

Game seed: 14150649240214902697

125 bande the Covered (level 5, 0/33 HPs)
             Began as a Gargoyle Fighter on Nov 8, 2021.
             Slain by a wight (4 damage)
             ... on level 4 of the Dungeon.
             The game lasted 00:04:49 (3008 turns).

bande the Covered (Gargoyle Fighter)                Turns: 3008, Time: 00:04:49

Health: 0/33       AC: 19    Str: 20    XL:     5   Next: 9%
Magic:  5/5        EV:  6    Int: 15    God:
Gold:   90         SH:  4    Dex:  9    Spells: 4/4 levels left

rFire   . . .      SeeInvis .   a - +1 war axe
rCold   . . .      Faith    .   c - +0 buckler
rNeg    + + .      Spirit   .   q - +0 plate armour
rPois   ∞          Reflect  .   h - +2 helmet
rElec   +          Harm     .   (no cloak)
rCorr   .          Rampage  .   (no gloves)
Will    .....                   (no boots)
Stlth   ..........              (no amulet)
HPRegen 0.11/turn               b - ring of positive energy
MPRegen 0.09/turn               n - +6 ring of intelligence

@: no status effects
A: sickness immunity, AC +4, negative energy resistance 1, electricity
resistance, torment resistance 1, petrification resistance
a: no special abilities


You were on level 4 of the Dungeon.
You visited 1 branch of the dungeon, and saw 4 of its levels.

You collected 90 gold pieces.

Inventory:

Hand Weapons
 a - a +1 war axe (weapon)
 o - a +0 flail
Armour
 c - a +0 buckler (worn)
 h - a +2 helmet (worn)
 q - a +0 plate armour (worn)
Jewellery
 b - a ring of positive energy (left hand)
 g - a ring of wizardry
 n - a +6 ring of intelligence (right hand)
Scrolls
 e - a scroll of enchant weapon
 r - a scroll of fog
Potions
 d - a potion of might
 f - a potion of ambrosia
 i - 2 potions of haste
 j - a potion of heal wounds {unknown}
 k - 3 potions of curing {unknown}
 l - 2 potions of resistance {unknown}
 m - a potion of attraction {unknown}


   Skills:
 + Level 3.9 Fighting
 + Level 3.2 Axes
 + Level 4.1 Armour
 + Level 3.9 Shields


You had 4 spell levels left.
You didn't know any spells.
Your spell library contained the following spells:

 Spells                   Type           Power      Damage    Failure   Level
 Summon Small Mammal      Summ           0%         N/A       100%        1
 Call Canine Familiar     Summ           0%         N/A       100%        3
 Summon Guardian Golem    Hex/Summ       0%         N/A       100%        3


Dungeon Overview and Level Annotations

Branches:
Dungeon (4/15)
 Temple: D:4-7

Altars:
Elyvilon

Shops:
D:2 =


Innate Abilities, Weirdness & Mutations

You are immune to sickness and miasma.
Your stone body is resilient. (AC +4)
You are immune to poison.
You resist negative energy. (rN+)
You are resistant to electric shocks. (rElec)
You are resistant to unholy torment.
You are immune to petrification.


Message History

Found a club.
Found an escape hatch in the floor.
You hear the slow hiss of a very distant avalanche of sand.
There is an escape hatch in the floor here. 2 wights come into view. 2 wights come into view.
The wight hits you but does no damage.
You hit the wight.
The wight is lightly damaged.
The wight hits you with a +0 spear.
You barely miss the wight.
The wight is lightly damaged.
The wight hits you but does no damage.
You barely miss the wight.
The wight is lightly damaged.
The wight barely misses you.
You slash the wight!
The wight is severely damaged.
The wight barely misses you. The wight hits you but does no damage.
You hit the wight.
You destroy the wight!
The wight hits you from afar with a +0 spear.
The wight hits you with a +5 dire flail!
Your Axes skill increases to level 3!
You have reached level 5!
You slash the wight!
The wight is heavily damaged.
The wight hits you but does no damage.
The wight hits you with a +5 dire flail!
* * * LOW HITPOINT WARNING * * *
The wight hits you from afar with a +0 spear.
* * * LOW HITPOINT WARNING * * *
You closely miss the wight.
The wight is heavily damaged.
The wight barely misses you. The wight completely misses you.
Unknown command.
You slash the wight!
The wight is almost destroyed.
The wight hits you with a +5 dire flail.
You die...

#############
#.>..........
#.#######.##.
######.###
##.#..
#.....#..#
#.....
#.####.#.#
#..#.. #.#
#.#.# #..##.
#@#
#.#.####..##.
#z#
#.#.#........


.zz ..#.#.##..### # ##.## ###.#.##..... . ..# ###.#.#...... #.. ...
..[......#### ##.# ########.#.#.##### #...#####.............#
#.#........#.....###.# You could see 3 wights.

Vanquished Creatures
  A wight (D:4)
  An adder (D:3)
  A worm (D:3)
  4 dart slugs
  5 orcs (D:3)
  8 endoplasms
  5 giant cockroaches
  5 goblins
  3 hobgoblins
  8 jackals
  2 quokkas
  A ball python (D:3)
  2 frilled lizards
  5 kobolds
  3 rats (D:3)
54 creatures vanquished.

Notes
Turn   | Place    | Note
-------+----------+-------------------------------------------
     0 | D:1      | bande the Gargoyle Fighter began the quest for the Orb.
     0 | D:1      | Reached XP level 1. HP: 14/14 MP: 1/1
    90 | D:1      | Reached XP level 2. HP: 9/19 MP: 2/2
   763 | D:1      | Reached XP level 3. HP: 23/23 MP: 3/3
  1224 | D:2      | Found Ifochigiz's Jewellery Shop.
  1944 | D:3      | Reached XP level 4. HP: 29/29 MP: 4/4
  2163 | D:3      | Reached skill level 4 in Armour
  2382 | D:3      | Found a white marble altar of Elyvilon.
  3006 | D:4      | Reached XP level 5. HP: 17/33 MP: 5/5
  3008 | D:4      | Slain by a wight

Illustrated notes

Levels and vault maps discovered:
D:1:      minmay_arrival_glassed_features, layout_loops_ring
D:2:      layout_basic, serial_shops, shop
D:3:      minmay_angry_zag, layout_loops_ring, elyvilon_altar_1
D:4:      layout_loops_ring, nicolae_yredelemnul_ghost_church,
          grunt_qazlal_clouds, enter_ossuary_3

Skill      XL: |  1  2  3  4 |
---------------+-------------+-----
Axes           | 2 3 |  3.2
Armour         | 4 |  4.1
Fighting       | |  3.9
Shields        | |  3.9

Action                   |  1- 3 |  4- 6 || total
-------------------------+-------+-------++-------
Melee: War axe           |    94 |    49 ||   143
  Use: Scroll            |     5 |     6 ||    11
Armor: Scale mail        |    45 |     7 ||    52
       Plate armour      |       |     9 ||     9
Dodge: Dodged            |    43 |    24 ||    67
Block: Buckler           |    17 |     8 ||    25

Table legend: (Time is in decaauts)
 A = Elapsed time spent in this place.
 B = Non-inter-level travel time spent in this place.
 C = Inter-level travel time spent in this place.
 D = Time resting spent in this place.
 E = Time spent auto-exploring this place.
 F = Levels seen in this place.
 G = Mean time per level.
                   A        B        C        D        E       F      G
               +--------+--------+--------+--------+--------+-----+--------+
         Total |   3063 |   2986 |     77 |    264 |   2235 |   4 |  765.8 |
       Dungeon |   3063 |   2986 |     77 |    264 |   2235 |   4 |  765.8 |
               +--------+--------+--------+--------+--------+-----+--------+

Top non-repeatable levels by time:
     D:1: 1118 daAuts
     D:3: 1117 daAuts
     D:2: 747 daAuts
     D:4: 80 daAuts
